 Dungeon Crawl Stone Soup version 0.30-a0-4-ga7cffc901d (webtiles) character file.

Game seed: 620954364838205502

137 drpainis the Caller (level 5, -4/19 (24) HPs)
             Began as a Spriggan Summoner on Aug 21, 2022.
             Slain by Duvessa
             ... wielding a +1 short sword of draining
              (12 damage)
             ... on level 4 of the Dungeon.
             The game lasted 00:07:37 (4589 turns).

drpainis the Caller (Spriggan Summoner)             Turns: 4589, Time: 00:07:37

HP:   -4/19 (24)    AC:  2    Str:  4    XL:     5   Next: 0%
MP:   18/21         EV: 17    Int: 24    God:
Gold: 153           SH:  0    Dex: 16    Spells: 3/12 levels left

rFire   . . .      SeeInvis +    e - +0 short sword
rCold   . . .      Faith    .    (no shield)
rNeg    . . .      Spirit   .    a - +0 robe
rPois   .          Reflect  .    (helmet restricted)
rElec   .          Harm     .    (no cloak)
rCorr   .          Rampage  .    (gloves unavailable)
Will    .....                    (boots unavailable)
Stlth   ++........               (no amulet)
HPRegen 0.06/turn                g - ring of magical power
MPRegen 0.17/turn                h - +6 ring of intelligence

@: heavily drained, very quick
A: very small, no large weapons, unfitting armour, see invisible, speed 3
a: no special abilities


You were on level 4 of the Dungeon.
You visited 1 branch of the dungeon, and saw 3 of its levels.

You collected 153 gold pieces.

Inventory:

Hand Weapons
 e - a +0 short sword (weapon)
Armour
 a - a +0 robe (worn)
Jewellery
 g - a ring of magical power (left hand)
 h - a +6 ring of intelligence (right hand)
 i - a ring of positive energy
Scrolls
 d - a scroll of poison {unknown}
 f - a scroll of blinking {unknown}
 k - a scroll of silence {unknown}
 m - a scroll of fog {unknown}
 n - a scroll of amnesia {unknown}
Potions
 j - a potion of degeneration {unknown}
 l - a potion of cancellation {unknown}


   Skills:
 + Level 3.0 Dodging
 + Level 3.2 Stealth
 + Level 4.3 Spellcasting
 + Level 4.5 Summonings


You had 3 spell levels left.
You knew the following spells:

 Your Spells              Type           Power      Damage    Failure   Level
a - Summon Small Mammal   Summ           100%       N/A       1%          1
b - Call Imp              Summ           26%        N/A       2%          2
c - Call Canine Familiar  Summ           26%        N/A       4%          3
d - Summon Guardian Gole  Hex/Summ       16%        N/A       11%         3

Your spell library contained the following spells:

 Spells                   Type           Power      Damage    Failure   Level
 Summon Lightning Spire   Summ/Air       16%        N/A       36%         4
 Summon Forest            Summ/Tloc      8%         N/A       71%         5
 Summon Mana Viper        Hex/Summ       16%        N/A       71%         5
 Summon Cactus Giant      Summ           13%        N/A       92%         6


Dungeon Overview and Level Annotations

Branches:
Dungeon (2/15)

Altars:

Annotations:
D:4 Dowan, Duvessa


Innate Abilities, Weirdness & Mutations

You are very small and have problems with some larger weapons.
You are too small for most types of armour.
You have supernaturally acute eyesight. (SInv)
You cover ground extremely quickly. (Speed+++)


Message History

Your hound bites Duvessa but does no damage.
Dowan completely misses you.
Casting: Call Canine Familiar (quite dangerous; 4% risk of failure)
Confirm with . or Enter, or press ? or * to list all spells.
The spell is extremely dangerous to miscast (11% risk of failure)!
Continue anyway?
Okay, then.
Casting: Summon Guardian Golem (extremely dangerous; 11% risk of failure)
Confirm with . or Enter, or press ? or * to list all spells.
A beastly little devil appears in a puff of flame.
Your crimson imp disappears in a puff of smoke!
Your hound barely misses Duvessa.
Duvessa says to your hound, "When magic and the sword combine, nothing stands against them."
Duvessa hits your hound with a +1 short sword of draining.
Duvessa drains your hound. Dowan misses you.
Your hound bites Duvessa but does no damage.
Casting: Call Imp (safe; 2% risk of failure)
Confirm with . or Enter, or press ? or * to list all spells.
Duvessa hits your hound with a +1 short sword of draining.
Duvessa drains your hound. Dowan hits you with a +0 dagger.
Your hound barely misses Duvessa.
Your crimson imp hits Dowan but does no damage.
You hit Dowan but do no damage.
Your bat hits Duvessa but does no damage.
Your hound closely misses Duvessa.
Duvessa hits your hound with a +1 short sword of draining!
Your hound dies!
Your hound's corpse disappears in a puff of smoke!
Dowan misses you.
Your crimson imp barely misses Dowan.
Duvessa shouts!
You hit Duvessa but do no damage.
Duvessa is heavily wounded.
Duvessa barely misses you. Dowan closely misses you.
Your bat hits Duvessa but does no damage.
Your crimson imp misses Dowan.
Dowan smirks and points a slender finger.
Dowan points at you and mumbles some strange words.
The puff of flame hits you.
Duvessa hits you with a +1 short sword of draining!
Ouch! That really hurt!
You die...

###
##.#
##5.#
##.e##
#9@##
#e##
#b.
#).#
#..#
#)# )#
..


You could see Duvessa (ally target), Dowan (ally target), a friendly guardian
golem (summoned), a friendly crimson imp (summoned, sheltered) and a friendly
bat (summoned, sheltered).

Vanquished Creatures
  A ball python (D:2)
  A hobgoblin (D:1)
  A jackal (D:2)
  2 kobolds
  2 quokkas (D:1)
  2 bats (D:2)
  A goblin (D:2)
  A rat (D:2)
11 creatures vanquished.

Vanquished Creatures (collateral kills)
  An orc priest (D:4)
  Terence (D:2)
  3 adders (D:2)
  A worm (D:2)
  3 orcs
  3 ball pythons (D:2)
  3 endoplasms
  2 giant cockroaches
  3 hobgoblins (D:2)
  3 jackals (D:2)
  2 frilled lizards
  7 goblins (D:2)
  3 kobolds
  4 rats
39 creatures vanquished.

Grand Total: 50 creatures vanquished

Notes
Turn   | Place    | Note
-------+----------+-------------------------------------------
     0 | D:1      | drpainis the Spriggan Summoner began the quest for the Orb.
     0 | D:1      | Reached XP level 1. HP: 9/9 MP: 5/5
   888 | D:1      | Reached XP level 2. HP: 8/13 MP: 4/6
   904 | D:1      | Learned a level 2 spell: Call Imp
  1819 | D:2      | Noticed Terence
  2589 | D:2      | Reached XP level 3. HP: 16/16 MP: 8/8
  2869 | D:2      | Learned a level 3 spell: Call Canine Familiar
  3530 | D:2      | Killed Terence
  3531 | D:2      | Reached XP level 4. HP: 21/21 MP: 11/11
  3655 | D:2      | Learned a level 3 spell: Summon Guardian Golem
  4538 | D:2      | You fall into a shaft and drop 2 floors!
  4547 | D:4      | Noticed Dowan
  4548 | D:4      | Noticed Duvessa
  4562 | D:4      | Reached XP level 5. HP: 24/24 MP: 12/12
  4589 | D:4      | Slain by Duvessa

Illustrated notes

Levels and vault maps discovered:
D:1:      shiori_shiawase, layout_basic
D:2:      kennysheep_the_goblin_king, layout_basic, reono_crystal_passage,
          nicolae_eternal_life, serial_park_tiny_pond,
          kennysheep_generic_room_4, uniq_terence
D:4:      layout_cave_pods, mainiacjoe_overflow_24_doors,
          minmay_temple_entry_from_below_a, uniq_duvessa

Skill      XL: |  1  2  3 |
---------------+----------+-----
Dodging        | 3 |  3.0
Spellcasting   | 3 4 |  4.3
Summonings     | 4 |  4.5
Stealth        | |  3.2

Action                   |  1- 3 |  4- 6 || total
-------------------------+-------+-------++-------
Melee: Unarmed           |    16 |       ||    16
       Short sword       |    24 |    16 ||    40
       Punch             |     1 |       ||     1
 Cast: Summon Small Mamm |    59 |     4 ||    63
       Call Imp          |    15 |     5 ||    20
       Call Canine Famil |     5 |     8 ||    13
       Summon Guardian G |       |     7 ||     7
  Use: Potion            |     1 |     2 ||     3
 Stab: Distracted        |     1 |       ||     1
       Sleeping          |       |     1 ||     1
Armor: Robe              |     9 |     1 ||    10
Dodge: Dodged            |    46 |    13 ||    59

Table legend: (Time is in decaauts)
 A = Elapsed time spent in this place.
 B = Non-inter-level travel time spent in this place.
 C = Inter-level travel time spent in this place.
 D = Time resting spent in this place.
 E = Time spent auto-exploring this place.
 F = Levels seen in this place.
 G = Mean time per level.
                   A        B        C        D        E       F      G
               +--------+--------+--------+--------+--------+-----+--------+
         Total |   4036 |   4016 |     20 |   2688 |    665 |   3 | 1345.3 |
       Dungeon |   4036 |   4016 |     20 |   2688 |    665 |   3 | 1345.3 |
               +--------+--------+--------+--------+--------+-----+--------+

Top non-repeatable levels by time:
     D:2: 2160 daAuts
     D:1: 1827 daAuts
     D:4: 49 daAuts
